 Seeded DCSS version 0.27-a0-1196-g3e9cee4cb2 (webtiles) character file.

Game seed: 681229467129655820 (custom seed)

14016 porpoise the Destroyer (level 11, -11/63 HPs)
             Began as a Deep Elf Conjurer on May 28, 2021.
             Was an Initiate of Sif Muna.
             Mangled by a komodo dragon (17 damage)
             ... on level 1 of the Lair of Beasts on May 29, 2021.
             The game lasted 00:39:53 (13639 turns).

porpoise the Destroyer (Deep Elf Conjurer)         Turns: 13639, Time: 00:39:53

Health: -11/63     AC:  7    Str: 13    XL:     11   Next: 83%
Magic:  6/23       EV: 15    Int: 26    God:    Sif Muna [......]
Gold:   228        SH:  0    Dex: 13    Spells: 8/24 levels left

rFire    + + +     SeeInvis .   u - +3 hunting sling of Skirmishing {venom, rF+ Str+6}
rCold    + . .     Faith    .   (no shield)
rNeg     . . .     Spirit   .   R - +2 robe of Pandemonium {*Slow rPois rF+ Str+2}
rPois    +         Reflect  .   O - +0 helmet
rElec    .         Harm     .   (no cloak)
rCorr    .         Rampage  .   U - +0 pair of gloves
Will     +....                  P - +0 pair of boots of Yguxtobi {Slay+3}
Stlth    +++.......             t - amulet of the acrobat
HPRegen  0.20/turn              v - ring of protection from fire
MPRegen  0.18/turn              y - ring of protection from cold

@: no status effects
A: no striking features
a: Renounce Religion


You were on level 1 of the Lair of Beasts.
You worshipped Sif Muna.
Sif Muna was noncommittal.
You visited 2 branches of the dungeon, and saw 10 of its levels.

You collected 449 gold pieces.
You spent 221 gold pieces at shops.

Inventory:

Hand Weapons
 a - a +2 whip of draining
 b - the +9 hand crossbow "Isa Wet" {freeze, Dex+2}
   (You bought it in a shop on level 1 of the Dungeon)

   It causes projectiles fired from it to freeze those they strike, causing
   extra injury to most foes and up to half again as much damage against
   particularly susceptible opponents.
   They can also slow down cold-blooded creatures.
   It affects your dexterity (+2).
 f - a +0 fustibalus of flaming
 u - the +3 hunting sling of Skirmishing (weapon) {venom, rF+ Str+6}
   (You found it on level 4 of the Dungeon)

   It poisons the ammo it fires.
   It affects your strength (+6).
   It protects you from fire.
Missiles
 d - 255 stones
 n - 8 silver javelins
 p - an atropa-tipped dart
 x - 8 boomerangs
 A - 12 sling bullets (quivered ammo)
 C - 61 poisoned darts
 L - 123 bolts
Armour
 I - a +2 robe of the Archmagi
 O - a +0 helmet (worn)
 P - the +0 pair of boots of Yguxtobi (worn) {Slay+3}
   (You found it on level 8 of the Dungeon)

   It affects your accuracy and damage with ranged weapons and melee attacks
   (+3).
 R - the +2 robe of Pandemonium (worn) {*Slow rPois rF+ Str+2}
   (You found it on level 8 of the Dungeon)

   It affects your strength (+2).
   It protects you from fire.
   It protects you from poison.
   It may slow you when you take damage.
 S - +0 acid dragon scales
 U - a +0 pair of gloves (worn)
Magical Staves
 m - a staff of death
Jewellery
 t - an amulet of the acrobat (around neck)
 v - a ring of protection from fire (left hand)
 y - a ring of protection from cold (right hand)
 F - an amulet of regeneration
 Q - a ring of flight
Wands
 q - a wand of digging (5)
 G - a wand of acid (14)
 H - a wand of iceblast (13)
 W - a wand of mindburst (10)
Scrolls
 c - 8 scrolls of teleportation
 e - 3 scrolls of noise
 g - a scroll of enchant weapon
 h - a scroll of enchant armour
 j - a scroll of immolation
 o - a scroll of vulnerability
 r - 2 scrolls of magic mapping
 s - a scroll of brand weapon
 w - 2 scrolls of amnesia
 B - 3 scrolls of blinking
 D - a scroll of fog
 E - 2 scrolls of identify
 J - a scroll of fear
 T - a scroll of silence
Potions
 i - 2 potions of haste
 k - 3 potions of heal wounds
 l - 4 potions of curing
 z - a potion of resistance
 M - a potion of attraction
 N - a potion of might
 V - a potion of berserk rage
 X - a potion of flight


   Skills:
 - Level 5.0 Fighting
 - Level 7.0 Dodging
 - Level 7.0 Stealth
 - Level 7.0 Spellcasting
 + Level 11.6 Conjurations
 - Level 5.0 Hexes
 - Level 5.0 Translocations
 - Level 9.0 Fire Magic
 + Level 5.9 Invocations
 - Level 5.0 Evocations


You had 8 spell levels left.
You knew the following spells:

 Your Spells              Type           Power      Damage    Failure   Level
a - Magic Dart            Conj           100%       1d8       1%          1
b - Searing Ray           Conj           100%       3d7       1%          2
c - Iskenderun's Mystic   Conj/Tloc      51%        2d11      1%          4
d - Fulminant Prism       Conj/Hex       25%        3d14      1%          4
f - Fireball              Conj/Fire      29%        3d13      2%          5

Your spell library contained the following spells:

 Spells                   Type           Power      Damage    Failure   Level
 Foxfire                  Conj/Fire      100%       2x1d9     1%          1
 Conjure Flame            Conj/Fire      58%        6-21      1%          3
 Dazzling Flash           Conj/Hex       100%       N/A       1%          3
 Inner Flame              Hex/Fire       45%        N/A       1%          3
 Sticky Flame             Conj/Fire      58%        2d7       1%          4
 Animate Skeleton         Necr           18%        N/A       6%          1
 Pain                     Necr           36%        1d5       6%          1
 Vampiric Draining        Necr           4%         2d6       19%         3
 Animate Dead             Necr           4%         N/A       52%         4
 Agony                    Necr           9%         N/A       86%         5


Dungeon Overview and Level Annotations

Branches:
Dungeon (9/15)             Temple (0/1) D:6            Lair (1/6) D:8
    Orc (0/2) D:9

Altars:
Fedhas
Gozag
Kikubaaqudgha
Makhleb
Nemelex Xobeh
Okawaru
Ru
Sif Muna
Trog
Uskayaw
Vehumet
Yredelemnul
Zin

Shops:
D:1 (   D:5 =   D:8 (   D:9 [


Message History

The sling bullet hits the komodo dragon.
The komodo dragon is poisoned.
The komodo dragon is lightly wounded.
You see here a sling bullet.
You are too injured to fight recklessly!
Fire: 16 sling bullets
Press: ? - help, Q - select action, (/) - cycle Shift-Dir - straight line, f/p - komodo dragon
Aim: a komodo dragon (lightly wounded, very poisoned, 72% to hit)
You shoot a sling bullet.
The sling bullet hits the komodo dragon but does no damage.
The komodo dragon looks as sick as possible!
The komodo dragon is lightly wounded.
The komodo dragon barely misses you.
You see here a sling bullet.
Fire: 15 sling bullets
Press: ? - help, Q - select action, (/) - cycle Shift-Dir - straight line, f/p - komodo dragon
Aim: a komodo dragon (moderately wounded, very poisoned, 72% to hit)
You shoot a sling bullet.
The sling bullet hits the komodo dragon.
The komodo dragon is heavily wounded.
The komodo dragon misses you.
The komodo dragon completely misses you.
There is a stone staircase leading down here.
Fire: 14 sling bullets
Press: ? - help, Q - select action, (/) - cycle Shift-Dir - straight line, f/p - komodo dragon
Aim: a komodo dragon (severely wounded, very poisoned, 72% to hit)
You shoot a sling bullet.
The sling bullet hits the komodo dragon but does no damage.
The komodo dragon is severely wounded.
The komodo dragon bites you!
* * * LOW HITPOINT WARNING * * *
Fire: 13 sling bullets
Press: ? - help, Q - select action, (/) - cycle Shift-Dir - straight line, f/p - komodo dragon
Aim: a komodo dragon (severely wounded, very poisoned, 72% to hit)
You shoot a sling bullet.
The sling bullet hits the komodo dragon.
The komodo dragon looks even sicker.
The komodo dragon is severely wounded.
The komodo dragon bites you!
You die...

#.P# #(## #.# #.#
..# #># # #.#
#.## ##. #.# #..#
#..# #.######.##
#...# #.##.#.#..#
#...###.#.@l(..##
#.........######
..#.....##.#
.###....# ##
.......#.#
##.#.#...#
#...#.#.## ##.
#....# # #.#.##


You could see a komodo dragon (very poisoned).

Vanquished Creatures
  Gastronok (D:8)
  A hydra (Lair:1)
  Erica (D:8)
  Urug (Lair:1)
  Pikel (D:4)
  A wizard (D:9)
  A cane toad (Lair:1)
  A komodo dragon (D:8)
  A troll (D:6)
  3 hornets
  6 blink frogs (Lair:1)
  Grinder (D:4)
  15 yaks
  A basilisk (Lair:1)
  Eustachio (D:4)
  A steam dragon (D:6)
  Menkaure (D:6)
  Edmund (D:4)
  An acid dragon (D:9)
  Duvessa (D:6)
  A hornet zombie (D:6)
  5 orc warriors
  3 black bears
  3 necrophages
  5 ogres
  5 centaurs
  4 lemures (D:4)
  3 bullfrogs
  2 kobold brigands
  2 scorpions (D:7)
  A gnoll sergeant (D:8)
  Dowan (D:6)
  A water moccasin skeleton (D:5)
  3 killer bees (D:9)
  3 wights (D:6)
  3 howler monkeys
  A crimson imp (D:9)
  A bullfrog zombie (D:5)
  A centaur skeleton (D:7)
  2 jellies
  2 centaur zombies
  A gnoll shaman (D:5)
  2 orc priests (D:6)
  A hound (D:6)
  3 bullfrog skeletons
  5 iguanas
  8 orc wizards
  A hound zombie (D:5)
  3 howler monkey zombies
  3 adders
  9 gnolls
  8 river rats (D:6)
  An ufetubus (D:5)
  An adder zombie (D:5)
  A worm (D:5)
  A dart slug (D:1)
  26 orcs
  7 ball pythons
  3 endoplasms (D:2)
  4 giant cockroaches
  12 goblins
  5 hobgoblins
  5 jackals
  13 kobolds
  10 quokkas
  9 bats
  4 frilled lizards
  16 rats
255 creatures vanquished.

Vanquished Creatures (others)
  8 fulminant prisms
  8 fungi (Lair:1)
  35 plants
51 creatures vanquished.

Grand Total: 306 creatures vanquished

Notes
Turn   | Place    | Note
-------+----------+-------------------------------------------
     0 | D:1      | porpoise the Deep Elf Conjurer began the quest for the Orb.
     0 | D:1      | Reached XP level 1. HP: 10/10 MP: 6/6
   334 | D:1      | Found Uzazoc's Antique Weapon Shoppe.
   416 | D:1      | Reached XP level 2. HP: 15/15 MP: 4/8
   453 | D:1      | Learned a level 2 spell: Searing Ray
   692 | D:1      | Reached skill level 5 in Conjurations
  1444 | D:2      | Reached XP level 3. HP: 19/19 MP: 6/9
  2005 | D:2      | Reached XP level 4. HP: 24/24 MP: 1/11
  2636 | D:2      | Found a faded altar of an unknown god.
  2683 | D:3      | Found a sparkling altar of Nemelex Xobeh.
  3403 | D:3      | Noticed an ogre
  3407 | D:3      | Killed an ogre
  3408 | D:3      | Reached skill level 6 in Conjurations
  3408 | D:3      | Reached XP level 5. HP: 28/28 MP: 6/13
  3798 | D:4      | Noticed Edmund
  3806 | D:4      | Killed Edmund
  3807 | D:4      | Reached skill level 5 in Spellcasting
  3807 | D:4      | Reached skill level 7 in Conjurations
  3807 | D:4      | Reached XP level 6. HP: 33/33 MP: 5/15
  3812 | D:4      | Learned a level 4 spell: Iskenderun's Mystic Blast
  3817 | D:4      | Learned a level 4 spell: Fulminant Prism
  3912 | D:4      | Reached skill level 1 in Fighting
  3912 | D:4      | Reached skill level 1 in Translocations
  4347 | D:4      | Noticed Eustachio
  4398 | D:4      | Killed Eustachio
  4399 | D:4      | Reached XP level 7. HP: 31/40 MP: 5/16
  4572 | D:4      | Noticed Pikel
  4588 | D:4      | Noticed Grinder
  4589 | D:4      | Killed Pikel
  4590 | D:4      | Reached skill level 5 in Translocations
  4590 | D:4      | Reached XP level 8. HP: 46/46 MP: 3/17
  4607 | D:4      | Killed Grinder
  4608 | D:4      | Reached skill level 5 in Dodging
  4817 | D:4      | Identified the +3 hunting sling of Skirmishing {venom, rF+
                  | Str+6}
  4963 | D:5      | Entered Level 5 of the Dungeon
  5183 | D:5      | Found Demuux's Jewellery Shop.
  5197 | D:5      | Reached skill level 5 in Hexes
  5505 | D:5      | Found a basalt altar of Yredelemnul.
  5505 | D:5      | Found an iron altar of Okawaru.
  5531 | D:5      | Found a blossoming altar of Fedhas.
  5535 | D:5      | Found a burning altar of Makhleb.
  5982 | D:5      | Reached skill level 8 in Conjurations
  6075 | D:5      | Reached skill level 1 in Evocations
  6465 | D:6      | Noticed a troll
  6470 | D:6      | Killed a troll
  6471 | D:6      | Reached XP level 9. HP: 39/50 MP: 8/18
  6762 | D:6      | Reached skill level 9 in Conjurations
  7439 | D:6      | Noticed Menkaure
  7443 | D:6      | Killed Menkaure
  7644 | D:6      | Reached skill level 5 in Evocations
  7779 | D:6      | Noticed Duvessa
  7779 | D:6      | Noticed Dowan
  7782 | D:6      | Killed Duvessa
  7784 | D:6      | Reached skill level 10 in Conjurations
  7785 | D:6      | Killed Dowan
  7974 | D:6      | Found a staircase to the Ecumenical Temple.
  7995 | D:6      | Learned a level 5 spell: Fireball
  8264 | D:1      | Bought a twisted hand crossbow for 221 gold pieces
  8264 | D:1      | Identified the +9 hand crossbow "Isa Wet" {freeze, Dex+2}
                  | (You bought it in a shop on level 1 of the Dungeon)
  8601 | D:6      | Reached skill level 1 in Fire Magic
  8816 | D:6      | Found an opulent altar of Gozag.
  8816 | D:6      | Found a sacrificial altar of Ru.
  8914 | D:7      | Found a glowing silver altar of Zin.
  9195 | D:7      | Reached XP level 10. HP: 49/57 MP: 12/19
  9686 | D:7      | Found a bloodstained altar of Trog.
  9899 | D:8      | Noticed Erica
  9912 | D:8      | Killed Erica
  9913 | D:8      | Reached skill level 5 in Fighting
 10159 | D:8      | Identified the +0 pair of boots of Yguxtobi {Slay+3}
 10176 | D:8      | Found Hetaet Zucs's Weapon Emporium.
 10260 | D:8      | Reached skill level 5 in Fire Magic
 10386 | D:8      | Noticed Gastronok
 10403 | D:8      | Killed Gastronok
 10611 | D:8      | Found a staircase to the Lair.
 10973 | D:8      | Identified the +2 robe of Pandemonium {*Slow rPois rF+
                  | Str+2}
 11154 | D:9      | Found a staircase to the Orcish Mines.
 11362 | D:9      | Reached XP level 11. HP: 46/63 MP: 12/21
 11666 | D:9      | Found Qugug's Antique Armour Emporium.
 11820 | D:9      | Found a hide-covered altar of Uskayaw.
 12322 | D:9      | Found an ancient bone altar of Kikubaaqudgha.
 12348 | D:9      | Found a radiant altar of Vehumet.
 12374 | D:9      | Found a shimmering blue altar of Sif Muna.
 12394 | D:9      | Became a worshipper of Sif Muna the Loreminder
 12568 | D:9      | Noticed a wizard
 12575 | D:9      | Killed a wizard
 12576 | D:9      | Reached skill level 1 in Invocations
 12771 | Lair:1   | Entered Level 1 of the Lair of Beasts
 12979 | Lair:1   | Noticed an eight-headed hydra
 13011 | Lair:1   | Killed an eight-headed hydra
 13012 | Lair:1   | Reached skill level 11 in Conjurations
 13451 | Lair:1   | Reached skill level 5 in Invocations
 13586 | Lair:1   | Noticed Urug
 13609 | Lair:1   | Killed Urug
 13639 | Lair:1   | Mangled by a komodo dragon

Illustrated notes

Levels and vault maps discovered:
D:1:      scummos_arrival_gate, layout_loops_corners, serial_shops,
          nicolae_shop_crystal
D:2:      layout_loops_corners, shapermc_ecumenical_altar_mp_vishouse,
          st_stairs_6, roderic_lattice_a
D:3:      minmay_diamond_boxcup, layout_basic, overflow_temple_1_default
D:4:      layout_basic, uniq_grinder, uniq_eustachio, uniq_edmund, uniq_pikel
D:5:      layout_basic, nicolae_overflow_hidden_temple,
          gammafunk_temple_overflow_pools, serial_shops, shop, minmay_pentangle
D:6:      lemuel_ratsnest, layout_loops_corners, gammafunk_temple_overflow_wave,
          minmay_temple_entry_offerings, uniq_duvessa, uniq_menkaure
D:7:      layout_loops_ring, zin_academy, trog_butcher_becter
D:8:      layout_rooms, david_lair_shrubbed, serial_shops, shop, uniq_gastronok,
          uniq_erica
D:9:      layout_long_grid, palyth_temple_overflow_mages, kennysheep_little_box,
          david_orc_2, serial_shops, nicolae_shop_behind_doors,
          solitary_fountain, lightli_wizard_tower
Lair:1:   lemuel_slime, layout_loops_ring, uniq_urug

Skill      XL: |  1  2  3  4  5  6  7  8  9 10 11 |
---------------+----------------------------------+-----
Conjurations   | 5 6 7 8 10 11 | 11.6
Stealth        | 3 7 |  7.0
Spellcasting   | 4 5 7 |  7.0
Fighting       | 2 3 4 5 |  5.0
Translocations | 3 5 |  5.0
Dodging        | 4 7 |  7.0
Hexes          | 3 5 |  5.0
Evocations     | 2 5 |  5.0
Fire Magic     | 2 7 9 |  9.0
Invocations    | 5 |  5.9

Action                   |  1- 3 |  4- 6 |  7- 9 | 10-12 || total
-------------------------+-------+-------+-------+-------++-------
Melee: Whip              |       |     3 |     9 |     1 ||    13
 Fire: Fustibalus        |       |    18 |     5 |       ||    23
       Hunting sling     |       |       |    98 |   105 ||   203
       Hand crossbow     |       |       |    16 |     8 ||    24
Throw: Dart              |       |     2 |       |     6 ||     8
       Javelin           |       |       |     1 |       ||     1
 Cast: Magic Dart        |    44 |    25 |     1 |       ||    70
       Searing Ray       |     9 |    18 |    47 |    48 ||   122
       Iskenderun's Myst |       |       |     5 |    17 ||    22
       Fulminant Prism   |       |       |       |     8 ||     8
       Fireball          |       |       |       |     4 ||     4
Evoke: Wand              |       |       |     1 |     2 ||     3
  Use: Scroll            |       |     5 |     4 |    12 ||    21
       Potion            |       |       |     2 |       ||     2
Armor: Robe              |       |     2 |     5 |     6 ||    13
       Skin              |       |       |     9 |       ||     9
Dodge: Dodged            |     1 |    11 |    45 |    52 ||   109

Table legend: (Time is in decaauts)
 A = Elapsed time spent in this place.
 B = Non-inter-level travel time spent in this place.
 C = Inter-level travel time spent in this place.
 D = Time resting spent in this place.
 E = Time spent auto-exploring this place.
 F = Levels seen in this place.
 G = Mean time per level.
                   A        B        C        D        E       F      G
               +--------+--------+--------+--------+--------+-----+--------+
         Total |  13707 |  13008 |    699 |   4686 |   6673 |  10 | 1370.7 |
       Dungeon |  12890 |  12191 |    699 |   4238 |   6473 |   9 | 1432.2 |
          Lair |    816 |    816 |      0 |    447 |    200 |   1 |  816.0 |
               +--------+--------+--------+--------+--------+-----+--------+

Top non-repeatable levels by time:
     D:6: 2110 daAuts
     D:5: 1613 daAuts
     D:9: 1596 daAuts
     D:2: 1406 daAuts
     D:8: 1351 daAuts
     D:1: 1347 daAuts
     D:3: 1209 daAuts
     D:4: 1187 daAuts
     D:7: 1068 daAuts
  Lair:1: 816 daAuts
